[gd_scene load_steps=7 format=2]

[ext_resource path="res://Assets/new_dynamicfont 2.tres" type="DynamicFont" id=1]
[ext_resource path="res://Scenes/STAGE 1.gd" type="Script" id=2]
[ext_resource path="res://Assets/new_dynamicfont.tres" type="DynamicFont" id=3]
[ext_resource path="res://Scenes/STAGE 2.gd" type="Script" id=4]
[ext_resource path="res://Scenes/Back.gd" type="Script" id=5]
[ext_resource path="res://Assets/new_dynamicfont 3.tres" type="DynamicFont" id=6]

[node name="ColorRect" type="ColorRect"]
anchor_right = 1.0
anchor_bottom = 1.0
color = Color( 0.317647, 0.133333, 0.309804, 1 )
__meta__ = {
"_edit_use_anchors_": false
}

[node name="Label" type="Label" parent="."]
margin_left = 75.5464
margin_top = 68.0
margin_right = 972.0
margin_bottom = 126.743
custom_fonts/font = ExtResource( 3 )
text = "SELECT LEVEL"

[node name="STAGE 1" type="LinkButton" parent="."]
margin_left = 195.0
margin_top = 213.0
margin_right = 362.628
margin_bottom = 475.519
custom_fonts/font = ExtResource( 1 )
text = "1"
underline = 1
script = ExtResource( 2 )
__meta__ = {
"_edit_use_anchors_": false
}
scene_to_load = "Level 1"

[node name="STAGE 2" type="LinkButton" parent="."]
margin_left = 660.492
margin_top = 210.0
margin_right = 837.492
margin_bottom = 477.678
custom_fonts/font = ExtResource( 1 )
text = "2"
underline = 1
script = ExtResource( 4 )
__meta__ = {
"_edit_use_anchors_": false
}
scene_to_load = "Level 2"

[node name="Back" type="LinkButton" parent="."]
margin_left = 15.0
margin_top = 7.0
margin_right = 143.774
margin_bottom = 31.0
custom_fonts/font = ExtResource( 6 )
text = "Main Menu"
script = ExtResource( 5 )
__meta__ = {
"_edit_use_anchors_": false
}
scene_to_load = "MainMenu"
[connection signal="pressed" from="STAGE 1" to="STAGE 1" method="_on_STAGE_1_pressed"]
[connection signal="pressed" from="STAGE 2" to="STAGE 2" method="_on_STAGE_2_pressed"]
[connection signal="pressed" from="Back" to="Back" method="_on_Back_pressed"]
